 Dungeon Crawl Stone Soup version 0.29.1-2-gbd0b4ee654 (webtiles) character file.

Game seed: 15236965963961000937

150 Tirrikindir the Trooper (level 5, 38/38 HPs)
             Began as an Octopode Fighter on Oct 23, 2022.
             Was a Follower of Jiyva.
             Got out of the dungeon alive.
             The game lasted 00:04:22 (1787 turns).

Tirrikindir the Trooper (Octopode Fighter)          Turns: 1787, Time: 00:04:22

Health: 38/38      AC:  1    Str: 16    XL:     5   Next: 32%
Magic:  5/5        EV: 13    Int: 10    God:    Jiyva [*.....]
Gold:   101        SH:  5    Dex: 13    Spells: 4/4 levels left

rFire   . . .      SeeInvis .   a - +0 flail
rCold   . . .      Faith    .   b - +0 buckler
rNeg    . . .      Spirit   .   (helmet restricted)
rPois   .          Reflect  .   i - amulet of the acrobat
rElec   .          Harm     .   (no ring)
rCorr   .          Rampage  .   (no ring)
Will    .....                   (no ring)
Stlth   +++.......              (no ring)
HPRegen 0.92/turn               (no ring)
MPRegen 0.34/turn               (no ring)
                                (no ring)
                                (no ring)

@: no status effects
A: almost no armour, amphibious, 8 rings, camouflage 1, gelatinous body 1,
(nimble swimmer 1), tentacles
a: Renounce Religion


You escaped.
You worshipped Jiyva.
Jiyva was aware of your devotion.
You visited 1 branch of the dungeon, and saw 4 of its levels.

You collected 101 gold pieces.

Inventory:

Hand Weapons
 a - a +0 flail (weapon)
Missiles
 m - 3 boomerangs (quivered)
Armour
 b - a +0 buckler (worn)
Jewellery
 h - an amulet of faith
 i - an amulet of the acrobat (around mantle)
Scrolls
 d - a scroll of fear
 f - 2 scrolls of magic mapping
 k - a scroll of immolation {unknown}
 l - a scroll of enchant armour {unknown}
Potions
 c - 2 potions of might
 e - a potion of brilliance
 g - a potion of degeneration {unknown}
 j - 2 potions of berserk rage {unknown}


   Skills:
 * Level 4.3 Fighting
 - Level 2.0 Maces & Flails
 + Level 3.7 Dodging
 + Level 2.8 Stealth
 + Level 3.6 Shields


You had 4 spell levels left.
You didn't know any spells.
Your spell library contained the following spells:

 Spells                   Type           Power      Damage    Failure   Level
 Malign Gateway           Summ/Tloc      0%         N/A       100%        7
 Summon Horrible Things   Summ           0%         N/A       100%        8


Dungeon Overview and Level Annotations

Branches:
Dungeon (4/15)
 Temple: D:4-7

Altars:
Jiyva

Shops:
D:4 *

Annotations:
D:4 Edmund, Robin


Innate Abilities, Weirdness & Mutations

You cannot wear most types of armour.
You are amphibious.
You can wear up to eight rings at the same time.
Your skin changes colour to match your surroundings (Stealth+).
Your rubbery body absorbs attacks. (AC +1, EV +1)
((You are camouflaged when in or above water. (Stealth+)))
You have tentacles for arms and can constrict up to eight enemies at once.


Message History

Found a stone staircase leading down.
f - 2 scrolls labelled ZOWOIL QUPNE (gained 1)
There is a stone staircase leading up here.
You climb upwards.
Found a potion of might.
There is a stone staircase leading down here.
Found 3 scrolls of identify.
c - 2 potions of might (gained 1)
Found an escape hatch in the ceiling.
n - 3 scrolls of identify
There is an escape hatch in the ceiling here.
A mysterious force pulls you upwards. The hatch slams shut behind you.
As you read the scroll of identify, it crumbles to dust.
d - a scroll of fear
As you read the scroll of identify, it crumbles to dust.
e - a potion of brilliance
As you read the scroll of identify, it crumbles to dust.
f - 2 scrolls of magic mapping
Found a faded altar of an unknown god.
Found a short sword.
There is a faded altar of an unknown god here.
You cannot tell which god this altar belongs to.
Convert to them anyway?
Jiyva accepts your prayer! Jiyva welcomes you!
Jiyva begins accelerating your health and magic regeneration.
You see here a +0 short sword.
Jiyva says: Divide and consume!
You hear a distant slurping noise.
You hear a distant slurping noise.
You hear a distant slurping noise.
Found an escape hatch in the ceiling.
You swap places.
There is an escape hatch in the ceiling here.
A mysterious force pulls you upwards. The hatch slams shut behind you.
(D) Dungeon
Where to? (Enter - D:2, ? - help)
What level of the Dungeon? (default 1, ? - help)
There is a staircase leading out of the dungeon here.
Are you sure you want to leave the Dungeon?
This will make you lose the game!
You have escaped!

####.#####.......##.#
#.....# #.#####.###.....##
#.#####
#.......##...#...#####.#
#######.#...###...#....#
#.#...# #...#.####
###..#####..###
#...........# #...........#
#.⌠...@...⌠.# #...........#
######## #...........#
#......# ####..#..####
#.####.# ##...## #.# #.#
#.....# #.####.######...###
#.#..............##########
#.#.##.######.##..........#


There were no monsters in sight!

Vanquished Creatures
  3 hounds (D:4)
  An adder (D:4)
  2 dart slugs
  4 orcs (D:4)
  5 bats
  5 endoplasms
  2 giant cockroaches
  3 goblins (D:1)
  7 hobgoblins
  2 jackals (D:1)
  A kobold (D:1)
  A quokka (D:1)
  3 ball pythons (D:1)
  2 frilled lizards (D:1)
  2 rats (D:1)
43 creatures vanquished.

Notes
Turn   | Place    | Note
-------+----------+-------------------------------------------
     0 | D:1      | Tirrikindir the Octopode Fighter began the quest for the
                  | Orb.
     0 | D:1      | Reached XP level 1. HP: 16/16 MP: 1/1
   192 | D:1      | Reached XP level 2. HP: 19/21 MP: 2/2
   196 | D:1      | Reached skill level 1 in Stealth
   456 | D:1      | Reached XP level 3. HP: 20/26 MP: 3/3
  1210 | D:2      | You fall into a shaft and drop 2 floors!
  1242 | D:4      | Found Arghoco's Assorted Antiques.
  1243 | D:4      | Noticed Robin
  1243 | D:4      | Noticed a scorpion
  1243 | D:4      | Noticed Edmund
  1451 | D:4      | Reached XP level 4. HP: 25/33 MP: 4/4
  1527 | D:4      | Reached skill level 4 in Fighting
  1533 | D:4      | Reached XP level 5. HP: 32/37 MP: 5/5
  1688 | D:2      | Found a faded altar of an unknown god.
  1695 | D:2      | Prayed at the altar of an unknown god.
  1695 | D:2      | Became a worshipper of Jiyva Jimnow the Shapeless
  1695 | D:2      | Reached * piety under Jiyva
  1787 | D:$      | Got out of the dungeon alive.

Illustrated notes

Levels and vault maps discovered:
D:1:      dpeg_arrival_arbitrary_c, layout_loops_corners, chequers_mini_garden,
          corner_web_ring, minmay_distorted
D:2:      layout_loops_ring, shapermc_ecumenical_altar_totnotflames
D:3:      layout_basic, elyvilon_altar_1
D:4:      layout_basic, serial_shops, nicolae_diamond_shop, uniq_edmund,
          uniq_duvessa, uniq_robin, uniq_eustachio

Skill      XL: |  1  2  3  4 |
---------------+-------------+-----
Stealth        | 1 2 |  2.8
Fighting       | 4 |  4.3
Maces & Flails | |  2.0
Dodging        | |  3.7
Shields        | |  3.6

Action                   |  1- 3 |  4- 6 || total
-------------------------+-------+-------++-------
Melee: Flail             |    65 |     8 ||    73
       Constrict         |    17 |     2 ||    19
       Tentacles         |     8 |     4 ||    12
  Use: Scroll            |     2 |     3 ||     5
 Stab: Sleeping          |    10 |       ||    10
Armor: Skin              |     5 |       ||     5
Dodge: Dodged            |    45 |     9 ||    54
Block: Buckler           |    11 |     3 ||    14
